 Dungeon Crawl Stone Soup version 0.28.0-45-g0d030f2227 (webtiles) character file.

Game seed: 8777189605047026122

1072 MisterFreud the Insei (level 8, -2/66 HPs)
             Began as a Pale Draconian Transmuter on May 5, 2022.
             Slain by a vampire (10 damage)
             ... on level 5 of the Dungeon.
             The game lasted 00:06:55 (5848 turns).

MisterFreud the Insei (Pale Draconian Transmuter)   Turns: 5848, Time: 00:06:55

Health: -2/66      AC:  2    Str: 12    XL:     8   Next: 7%
Magic:  6/11       EV: 22    Int: 15    God:
Gold:   171        SH:  0    Dex: 18    Spells: 5/11 levels left

rFire   . . .      SeeInvis .     - Unarmed
rCold   . . .      Faith    .   (shield currently unavailable)
rNeg    + . .      Spirit   .   (armour unavailable)
rPois   x          Reflect  .   (helmet currently unavailable)
rElec   .          Harm     .   (cloak currently unavailable)
rCorr   .          Rampage  .   (gloves currently unavailable)
Will    .....                   (boots currently unavailable)
Stlth   ++........              (no amulet)
HPRegen 0.21/turn               g - ring of positive energy
MPRegen 0.12/turn               (no ring)

@: spider-form (expiring)
A: venomous fangs, (breathe steam), AC +6, tiny, unfitting armour,
(cold-blooded), (steam resistance)
a: End Transformation


You were on level 5 of the Dungeon.
You were a venomous arachnid creature.
You visited 1 branch of the dungeon, and saw 5 of its levels.

You collected 192 gold pieces.
You spent 21 gold pieces at shops.

Inventory:

Armour
 b - a +0 pair of gloves (melded)
Jewellery
 g - a ring of positive energy (left front leg)
Scrolls
 a - 3 scrolls of teleportation
 e - a scroll of magic mapping
 j - a scroll of fog {unknown}
 k - a scroll of identify
 m - a scroll of fear
Potions
 c - 2 potions of heal wounds
 d - 4 potions of curing
 f - a potion of attraction {unknown}
 h - 2 potions of mutation
 i - a potion of haste {unknown}
 l - a potion of might
 n - a potion of lignification {unknown}


   Skills:
 - Level 4.0 Fighting
 + Level 5.0 Dodging
 - Level 6.0 Unarmed Combat
 - Level 2.0 Spellcasting
 - Level 5.0 Transmutations


You had 5 spell levels left.
You knew the following spells:

 Your Spells              Type           Power      Damage    Failure   Level
a - Beastly Appendage     Tmut           32%        N/A       10%         1
b - Wereblood             Tmut           16%        N/A       13%         2
c - Spider Form           Tmut/Pois      9%         N/A       45%         3

Your spell library contained the following spells:

 Spells                   Type           Power      Damage    Failure   Level
 Ice Form                 Ice/Tmut       9%         N/A       80%         4
 Freezing Cloud           Conj/Ice/Air   0%         6-21      100%        5
 Simulacrum               Ice/Necr       0%         N/A       100%        6
 Polar Vortex             Ice            0%         N/A       100%        9


Dungeon Overview and Level Annotations

Branches:
Dungeon (5/15)
 Temple: D:4-7

Altars:
Nemelex Xobeh
Okawaru

Shops:
D:1 *


Innate Abilities, Weirdness & Mutations

You are a venomous arachnid creature.
You have poisonous fangs.
You are tiny and dextrous.
Your spellcasting is less reliable in this form.
Your armour is entirely melded.
You are incapable of wielding weapons or throwing items.
((You can breathe blasts of scalding, opaque steam.))
((Your pale cyan-grey scales are hard. (AC +6)))
You cannot fit into any form of body armour.
((You are cold-blooded and may be slowed by cold attacks.))
((You are immune to the effects of steam.))


Message History

The vampire casts a spell.
The vampire flickers and vanishes!
Deactivating autopickup; reactivate with Ctrl-A.
Items here: ) [ ††.
Your transformation has ended.
Your +0 pair of gloves unmelds from your body.
Things that are here:
an iguana corpse; an adder corpse; an adder corpse
Aiming: Breathe Steam (1% risk of failure)
Press: ? - help, Shift-Dir - straight line You exhale a blast of scalding steam.
Unknown command.
Unknown command.
Casting: Spider Form (dangerous; 24% risk of failure)
Confirm with . or Enter, or press ? or * to list all spells.
You turn into a venomous arachnid creature.
Your +0 pair of gloves melds into your body.
You are engulfed in a cloud of scalding steam.
You hear some strange, mumbled words.
You are confused.
Your transformation is almost over.
You bump into the rock wall.
You're too confused to move!
You have got your breath back.
Something barely misses you. x2
You bump into the rock wall.
Something barely misses you. Something bites you!
Something draws strength from your injuries!
You bump into the rock wall.
Something hits you! Something bites you but does no damage.
You're too confused to move!
You feel less confused. Something hits you! Something barely misses you.
You hit something. Something hits you! Something closely misses you.
You hit something. Something hits you. Something bites you.
* * * LOW HITPOINT WARNING * * *
Something draws strength from your injuries!
You hit something but do no damage. Something hits you!
* * * LOW HITPOINT WARNING * * *
Something bites you!
You die...

#.# #######.#
#.......#
#.####### #.#
#.# #.# #.#####
#...s.# #####{#
#.#####†###
#.......).##
###########..#
.............#
#...#...#.†..#
#?#...#.#...#
...#...#...#..#


There were no monsters in sight!

Vanquished Creatures
  2 black bears (D:4)
  2 phantoms
  Blork the orc (D:5)
  2 scorpions
  A bullfrog skeleton (D:5)
  An orc priest (D:5)
  A centaur skeleton (D:4)
  2 hounds
  A scorpion zombie (D:5)
  4 iguanas
  An orc wizard (D:5)
  Robin (D:3)
  5 gnolls
  9 adders
  A howler monkey skeleton (D:4)
  A shadow imp (D:5)
  A white imp (D:4)
  An adder zombie (D:5)
  An adder skeleton (D:4)
  2 worms
  2 dart slugs
  2 orcs
  9 ball pythons
  6 bats
  4 endoplasms
  6 giant cockroaches
  8 hobgoblins
  6 jackals
  2 quokkas
  3 frilled lizards
  16 goblins
  13 kobolds
  7 rats
124 creatures vanquished.

Notes
Turn   | Place    | Note
-------+----------+-------------------------------------------
     0 | D:1      | MisterFreud the Draconian Transmuter began the quest for
                  | the Orb.
     0 | D:1      | Reached XP level 1. HP: 16/16 MP: 3/3
   427 | D:1      | Reached XP level 2. HP: 20/23 MP: 3/5
   428 | D:1      | Found Mozoid's Assorted Antiques.
   831 | D:1      | Bought a scroll labelled EPLUJUDWIA for 21 gold pieces
  1206 | D:1      | Reached XP level 3. HP: 26/28 MP: 6/6
  1282 | D:2      | Found a sparkling altar of Nemelex Xobeh.
  1491 | D:2      | Found a faded altar of an unknown god.
  1951 | D:2      | Reached XP level 4. HP: 28/35 MP: 5/7
  2402 | D:3      | Found an iron altar of Okawaru.
  2429 | D:3      | Noticed Robin
  2441 | D:3      | Killed Robin
  2645 | D:3      | Reached skill level 5 in Transmutations
  2981 | D:3      | Reached XP level 5. HP: 41/41 MP: 8/8
  2984 | D:3      | Learned a level 2 spell: Wereblood
  2988 | D:3      | Learned a level 3 spell: Spider Form
  3831 | D:3      | HP: 2/45 [gnoll/+0 whip (8)]
  4179 | D:4      | Noticed a black bear
  4188 | D:4      | Killed a black bear
  4189 | D:4      | Reached XP level 6. HP: 47/52 MP: 6/9
  4332 | D:4      | Reached skill level 4 in Unarmed Combat
  4975 | D:4      | Reached skill level 5 in Unarmed Combat
  4982 | D:4      | Your scales start taking on a pale cyan-grey colour.
  4982 | D:4      | Reached XP level 7. HP: 39/59 MP: 4/10
  4982 | D:4      | Gained mutation: You are immune to the effects of steam.
                  | [Pale Draconian growth]
  5356 | D:4      | Reached skill level 6 in Unarmed Combat
  5422 | D:5      | Entered Level 5 of the Dungeon
  5446 | D:5      | Noticed Blork the orc
  5453 | D:5      | Noticed a vampire
  5463 | D:5      | Noticed a two-headed ogre
  5464 | D:5      | Killed Blork the orc
  5777 | D:5      | Reached XP level 8. HP: 66/66 MP: 8/11
  5823 | D:5      | Reached skill level 5 in Dodging
  5848 | D:5      | Slain by a vampire

Illustrated notes

Levels and vault maps discovered:
D:1:      erik_arrival_triangle_huge, layout_rooms, serial_shops,
          nicolae_shop_waterfront, minmay_crystal_room
D:2:      layout_basic, basic_altar, shapermc_ecumenical_altar_mp_vishouse,
          amethyst_killhole
D:3:      layout_basic, mainiacjoe_overflow_surrounded_room, uniq_robin
D:4:      mumra_celtic_spiral_tile, layout_rooms, st_stairs_8,
          kennysheep_diamond
D:5:      cheibrodos_fzero, layout_basic, nicolae_ru_sacrificial_ziggurat,
          minmay_temple_entry_enclosed_plants, serial_shops,
          nicolae_shop_behind_doors, uniq_menkaure, uniq_blork_the_orc

Skill      XL: |  1  2  3  4  5  6  7  8 |
---------------+-------------------------+-----
Transmutations | 3 4 5 |  5.0
Fighting       | 2 4 |  4.0
Unarmed Combat | 5 6 |  6.0
Dodging        | 4 5 |  5.0
Spellcasting   | |  2.0

Action                   |  1- 3 |  4- 6 |  7- 9 || total
-------------------------+-------+-------+-------++-------
Melee: Unarmed           |   133 |   204 |    42 ||   379
       Kick              |    21 |    14 |       ||    35
       Tailslap          |     9 |    14 |     1 ||    24
       Headbutt          |    12 |     5 |       ||    17
       Punch             |     2 |     6 |       ||     8
 Cast: Beastly Appendage |    22 |    12 |       ||    34
       Spider Form       |       |     9 |     6 ||    15
 Abil: Breathe Steam     |       |       |     8 ||     8
  Use: Scroll            |       |     9 |       ||     9
       Potion            |       |     1 |       ||     1
Armor: Skin              |    42 |    56 |     7 ||   105
Dodge: Dodged            |    96 |   161 |    34 ||   291
